 Dungeon Crawl Stone Soup version 0.27-a0-1322-gfdffb62a71 (webtiles) character file.

Game seed: 11440410332380876895

36 dolemite99 the Chopper (level 3, 0/46 HPs)
             Began as a Hill Orc Berserker on June 23, 2021.
             Was a Believer of Trog.
             Succumbed to an adder's poison
             ... on level 2 of the Dungeon.
             The game lasted 00:01:05 (1533 turns).

dolemite99 the Chopper (Hill Orc Berserker)         Turns: 1533, Time: 00:01:05

Health: 0/46       AC:  2    Str: 20    XL:     3   Next: 37%
Magic:  3/3        EV: 11    Int:  7    God:    Trog [**....]
Gold:   37         SH:  0    Dex: 10    Spells: 2/2 levels left

rFire    . . .     SeeInvis .   a - +0 hand axe
rCold    . . .     Faith    .   (no shield)
rNeg     . . .     Spirit   .   b - +0 animal skin
rPois    .         Reflect  .   (no helmet)
rElec    .         Harm     .   (no cloak)
rCorr    .         Rampage  .   (no gloves)
Will     .....                  (no boots)
Stlth    ..........             (no amulet)
HPRegen  0.15/turn              (no ring)
MPRegen  0.08/turn              (no ring)

@: berserking, lethally poisoned (0 -> -7), very quick
A: no striking features
a: Renounce Religion, Berserk, Trog's Hand


You were on level 2 of the Dungeon.
You worshipped Trog.
Trog was pleased with you.
You visited 1 branch of the dungeon, and saw 2 of its levels.

You collected 37 gold pieces.

Inventory:

Hand Weapons
 a - a +0 hand axe (weapon)
 e - a +0 hunting sling
Missiles
 d - 36 sling bullets
 j - 19 stones
Armour
 b - a +0 animal skin (worn)
Jewellery
 k - a ring of positive energy
Scrolls
 c - a scroll of noise {unknown}
 f - a scroll of fear {unknown}
 g - a scroll of brand weapon {unknown}
 h - 2 scrolls of teleportation {unknown}
 i - a scroll of fog {unknown}
Potions
 l - a potion of flight {unknown}


   Skills:
 - Level 3.6 Fighting
 + Level 5.8 Axes
 - Level 2.1 Armour
 - Level 1.5 Dodging


You had 2 spell levels left.
You didn't know any spells.
Your spell library was empty.

Dungeon Overview and Level Annotations

Branches:
Dungeon (2/15)

Altars:


Message History

The adder is moderately wounded.
You feel sick. The adder bites you.
You closely miss the adder.
The adder is moderately wounded.
You feel sick. The adder bites you but does no damage.
You closely miss the adder.
The adder is moderately wounded.
You feel sick. The adder bites you.
You hit the adder.
The adder is almost dead.
You feel sick. The adder barely misses you. The adder completely misses you.
You hit the adder but do no damage.
The adder is almost dead.
You feel sick.
You are no longer poisoned.
The adder barely misses you.
You miss the adder.
The adder is almost dead.
The adder bites you.
* * * LOW HITPOINT WARNING * * *
You miss the adder.
The adder is almost dead.
The adder bites you.
* * * LOW HITPOINT WARNING * * *
The adder bites you.
* * * LOW HITPOINT WARNING * * *
You are lethally poisoned!
The adder poisons you!
A red film seems to cover your vision as you go berserk!
You feel yourself moving faster!
You feel mighty!
* * * LOW HITPOINT WARNING * * *
You feel sick. The adder bites you.
* * * LOW HITPOINT WARNING * * *
You are more poisoned.
The adder poisons you!
You hit the adder.
You kill the adder!
Trog accepts your kill.
You can now call upon Trog for regeneration and willpower.
You die...

..# ##.## #...#
#.<.# #.†.# #...#
######†).######
##..<..........##
.............@).#
##..............#
..####.....####.#
# #.....# .#
#.....# # #.....#
#.....# .......#
###.#.###


There were no monsters in sight!

Vanquished Creatures
  An adder (D:2)
  A dart slug (D:1)
  2 endoplasms (D:1)
  3 giant cockroaches (D:1)
  6 goblins
  6 hobgoblins (D:1)
  2 quokkas
  3 ball pythons
  3 bats
  A frilled lizard (D:2)
  3 rats (D:1)
31 creatures vanquished.

Notes
Turn   | Place    | Note
-------+----------+-------------------------------------------
     0 | D:1      | dolemite99 the Hill Orc Berserker began the quest for the
                  | Orb.
     0 | D:1      | Reached XP level 1. HP: 19/19 MP: 1/1
   188 | D:1      | Reached XP level 2. HP: 23/26 MP: 2/2
   382 | D:1      | Reached skill level 5 in Axes
   981 | D:1      | Reached XP level 3. HP: 31/31 MP: 3/3
  1532 | D:2      | HP: 2/46 [adder (2)]
  1533 | D:2      | Reached ** piety under Trog
  1533 | D:2      | Succumbed to an adder's poison

Illustrated notes

Levels and vault maps discovered:
D:1:      sevenhm_arrival_forest_fort_large_2, layout_loops_ring,
          roderic_lattice_a
D:2:      layout_loops_cross, hellmonk_ecumenical_altar_slurped_away,
          uniq_jessica

Skill      XL: |  1  2 |
---------------+-------+-----
Axes           | 5 |  5.8
Fighting       | |  3.6
Armour         | |  2.1
Dodging        | |  1.5

Action                   || total
-------------------------++-------
Melee: Hand axe          ||    86
Invok: Berserk           ||     1
 Stab: Sleeping          ||     1
Armor: Animal skin       ||    17
Dodge: Dodged            ||    47

Table legend: (Time is in decaauts)
 A = Elapsed time spent in this place.
 B = Non-inter-level travel time spent in this place.
 C = Inter-level travel time spent in this place.
 D = Time resting spent in this place.
 E = Time spent auto-exploring this place.
 F = Levels seen in this place.
 G = Mean time per level.
                   A        B        C        D        E       F      G
               +--------+--------+--------+--------+--------+-----+--------+
         Total |   1536 |   1485 |     51 |    176 |   1062 |   2 |  768.0 |
       Dungeon |   1536 |   1485 |     51 |    176 |   1062 |   2 |  768.0 |
               +--------+--------+--------+--------+--------+-----+--------+

Top non-repeatable levels by time:
     D:1: 1469 daAuts
     D:2: 66 daAuts
